 Dungeon Sprint DCSS version 0.29-a0-1008-g949cc1d0fb (webtiles) character file.

Game seed: 173832939600618317

8871 mhtbhm the Ninja (level 11, -14/56 HPs)
             Began as a Spriggan Brigand on Aug 7, 2022.
             Was the Champion of Dithmenos.
             Killed from afar by a crystal guardian (15 damage)
             ... with a crystal bolt
             ... in the Dungeon (Sprint III: "The Ten Rune Challenge").
             The game lasted 00:07:22 (2549 turns).

mhtbhm the Ninja (Spriggan Brigand)                 Turns: 2549, Time: 00:07:24

Health: -14/56     AC:  5    Str:  7    XL:     11   Next: 15%
Magic:  20/20      EV: 25    Int: 12    God:    Dithmenos [******]
Gold:   65         SH:  0    Dex: 22    Spells: 10/10 levels left

rFire   + . .      SeeInvis +   a - +2 dagger
rCold   + . .      Faith    .   (no shield)
rNeg    . . .      Spirit   .   b - +2 robe {Will+}
rPois   +          Reflect  .   (helmet restricted)
rElec   +          Harm     .   c - +0 cloak
rCorr   +          Rampage  .   (gloves unavailable)
Will    ++...      NoTele   +   (boots unavailable) Stlth *********+
                                (no amulet)
HPRegen 0.18/turn               (no ring)
MPRegen 0.17/turn               (no ring)

@: resistant, wreathed by umbra, very quick
A: very small, no large weapons, unfitting armour, see invisible, speed 3
a: Renounce Religion, Shadow Step, Shadow Form


You were in the Dungeon.
You worshipped Dithmenos.
Dithmenos was exalted by your worship.
You visited 1 branch You collected 165 gold pieces.
You spent 100 gold pieces at shops.

Inventory:

Hand Weapons
 a - a +2 dagger (weapon)
 p - a +0 dagger of holy wrath
Missiles
 d - 9 curare-tipped darts (quivered)
 e - 9 poisoned darts
Armour
 b - a +2 robe of willpower (worn)
 c - a +0 cloak (worn)
Scrolls
 k - 2 scrolls of blinking
 m - a scroll of identify {unknown}
Potions
 i - 2 potions of magic
 n - 2 potions of flight
 o - 6 potions of mutation
Miscellaneous
 q - a box of beasts (inert)


   Skills:
 + Level 6.1 Fighting
 + Level 10.4 Short Blades
 + Level 10.8 Throwing
 + Level 9.4 Dodging
 O Level 27 Stealth
 * Level 11.7 Invocations
 + Level 2.4 Evocations


You had 10 spell levels left.
You didn't know any spells.
Your spell library contained the following spells:

 Spells                   Type           Power      Damage    Failure   Level
 Animate Armour           Summ/Erth      0%         N/A       97%         4
 Blade Hands              Tmut           0%         N/A       100%        5
 Iron Shot                Conj/Erth      0%         9d1       100%        6


Dungeon Overview and Level Annotations

Branches:
Dungeon (1/1)

Altars:
Cheibriados
Dithmenos
Elyvilon
Fedhas
Gozag
Hepliaklqana
Kikubaaqudgha
Makhleb
Nemelex Xobeh
Okawaru
Qazlal
Ru
Sif Muna
Trog
Uskayaw
Vehumet
Wu Jian
Xom
Yredelemnul
Zin
The Shining One
Jiyva
Lugonu

Shops:
D ![:(=?!(?=:

Annotations:
D exclusion: orange crystal statue


Innate Abilities, Weirdness & Mutations

You are very small and have problems with some larger weapons.
You are too small for most types of armour.
You have supernaturally acute eyesight. (SInv)
You cover ground extremely quickly. (Speed+++)


Message History

There is a fountain of blood here.
Unknown command.
There is an entrance to Pise's Weapon Boutique here.
The crystal guardian fires a crystalline bolt at your larval fireox beast.
The crystal bolt freezes your larval fireox beast!
Your larval fireox beast resists.
Your larval fireox beast hits the crystal guardian but does no damage.
Your larval fireox beast tramples the crystal guardian but does no damage.
There is an entrance to Paymp's Jewellery Emporium here.
Okay, then.
Okay, then.
Okay, then.
Okay, then.
You are too injured to fight recklessly!
You hit the crystal guardian but do no damage.
The crystal guardian is lightly damaged.
Your larval fireox beast hits the crystal guardian but does no damage.
Your larval fireox beast tramples the crystal guardian but does no damage.
The crystal guardian hits you!!
* * * LOW HITPOINT WARNING * * *
You emit a cloud of dark smoke.
You hit the crystal guardian.
The crystal guardian is lightly damaged.
You hit the crystal guardian but do no damage.
The crystal guardian is lightly damaged.
The crystal guardian glitters, brittle, in the dim dungeon light.
The crystal guardian fires a crystalline bolt at you.
The crystal bolt misses you.
Your larval fireox beast hits the crystal guardian but does no damage.
Your larval fireox beast tramples the crystal guardian but does no damage.
You hit the crystal guardian but do no damage.
The crystal guardian is lightly damaged.
You hit the crystal guardian.
The crystal guardian is lightly damaged.
Your shadow hits the crystal guardian but does no damage.
Your larval fireox beast hits the crystal guardian but does no damage.
Your larval fireox beast tramples the crystal guardian but does no damage.
The crystal guardian fires a crystalline bolt at you.
The crystal bolt freezes you! You resist.
You die...

#.....+ #.#####
#.# #.# ########
#.# ##.∩⌠⌠∩.# #.#
##8#.∩⌠⌠∩.# #.#
###...#§§§§∩.#
#.#+#...§.#§§§§∩.#
#.#...§§§.#§@§§..#
#.#.§..§..###9§###
#...§§§...#§⌠H§⌠.#
#########.#§..§..#
#9#.#.#.#..§.§§§.#
#..........§§§§..#
#..........§§§§§§#
###+##############


You could see a crystal guardian (ally target) and a friendly larval fireox
beast (summoned).

Vanquished Creatures
  Sigmund (D)
  A centaur warrior (D)
  A deep elf pyromancer (D)
  2 crystal guardians (D)
  Edmund (D)
  2 unseen horrors (D)
  A queen bee (D)
  3 wandering mushrooms (D)
  2 orc high priests (D)
  A shadow (D)
  2 centaurs (D)
  An earth elemental (D)
  A water elemental (D)
  A necrophage (D)
  31 killer bees (D)
  2 orc priests (D)
  A jelly (D)
  Jessica (D)
  A wizard (D)
  A necromancer (D)
  A kobold demonologist (D)
  3 humans (D)
  A wolf (D)
  2 rats (D)
64 creatures vanquished.

Vanquished Creatures (collateral kills)
  Josephine (D)
  A killer bee (D)
2 creatures vanquished.

Vanquished Creatures (others)
  3 plants (D)
3 creatures vanquished.

Grand Total: 69 creatures vanquished

Notes
Turn   | Place    | Note
-------+----------+-------------------------------------------
     0 | D        | mhtbhm the Spriggan Brigand began the quest for the Orb.
     0 | D        | Reached XP level 1. HP: 10/10 MP: 2/2
    14 | D        | Reached skill level 6 in Stealth
    24 | D        | Noticed Jessica
    29 | D        | Killed Jessica
    30 | D        | Reached skill level 9 in Stealth
    30 | D        | Reached XP level 2. HP: 15/15 MP: 3/3
    62 | D        | Reached skill level 10 in Stealth
    62 | D        | Reached XP level 3. HP: 18/18 MP: 4/4
    66 | D        | Reached skill level 11 in Stealth
    90 | D        | Noticed a water elemental
    93 | D        | Killed a water elemental
    94 | D        | Reached skill level 13 in Stealth
    94 | D        | Reached XP level 4. HP: 23/23 MP: 5/5
   104 | D        | Found a shadowy altar of Dithmenos.
   104 | D        | Noticed a necrophage
   105 | D        | Found a basalt altar of Yredelemnul.
   105 | D        | Found a sacrificial altar of Ru.
   107 | D        | Reached XP level 5. HP: 28/28 MP: 6/6
   108 | D        | Reached skill level 15 in Stealth
   115 | D        | Became a worshipper of Dithmenos the Shadowed
   127 | D        | Found a hide-covered altar of Uskayaw.
   127 | D        | Found an iron altar of Okawaru.
   128 | D        | Found a bloodstained altar of Trog.
   128 | D        | Found an ornate altar of the Wu Jian Council.
   128 | D        | Noticed a human
   128 | D        | Noticed a human
   130 | D        | Killed a human
   131 | D        | Reached skill level 17 in Stealth
   131 | D        | Reached XP level 6. HP: 32/32 MP: 6/9
   138 | D        | Killed a human
   139 | D        | Reached skill level 5 in Short Blades
   139 | D        | Reached skill level 5 in Throwing
   139 | D        | Reached skill level 18 in Stealth
   290 | D        | Found a glowing silver altar of Zin.
   291 | D        | Found a glowing golden altar of the Shining One.
   291 | D        | Found a white marble altar of Elyvilon.
   291 | D        | Noticed a deep elf pyromancer
   293 | D        | Killed a deep elf pyromancer
   293 | D        | Reached * piety under Dithmenos
   294 | D        | Reached skill level 20 in Stealth
   294 | D        | Reached skill level 5 in Invocations
   294 | D        | Reached XP level 7. HP: 37/37 MP: 9/12
   321 | D        | Found a radiant altar of Vehumet.
   322 | D        | Found a shimmering blue altar of Sif Muna.
   322 | D        | Found an ancient bone altar of Kikubaaqudgha.
   347 | D        | Noticed a shadow
   349 | D        | Killed a shadow
   349 | D        | Reached ** piety under Dithmenos
   350 | D        | Reached skill level 21 in Stealth
   350 | D        | Reached XP level 8. HP: 42/42 MP: 13/13
   358 | D        | Found a blossoming altar of Fedhas.
   358 | D        | Found a stormy altar of Qazlal.
   359 | D        | Found a snail-covered altar of Cheibriados.
   359 | D        | Found a burning altar of Makhleb.
   359 | D        | Found a hazy altar of Hepliaklqana.
   359 | D        | Found a shimmering altar of Xom.
   359 | D        | Found an opulent altar of Gozag.
   359 | D        | Found a sparkling altar of Nemelex Xobeh.
   359 | D        | Found a corrupted altar of Lugonu.
   359 | D        | Found a viscous altar of Jiyva.
   820 | D        | Noticed Josephine
   834 | D        | Killed Josephine
   835 | D        | Reached skill level 22 in Stealth
   865 | D        | Reached skill level 23 in Stealth
   870 | D        | Noticed a centaur warrior
   872 | D        | Reached *** piety under Dithmenos
   874 | D        | Killed a centaur warrior
   875 | D        | Reached skill level 24 in Stealth
   875 | D        | Reached XP level 9. HP: 46/46 MP: 15/15
   888 | D        | Noticed an unseen horror
   889 | D        | Killed an unseen horror
   890 | D        | Reached skill level 25 in Stealth
   890 | D        | Noticed an unseen horror
   893 | D        | Killed an unseen horror
   893 | D        | Reached **** piety under Dithmenos
   899 | D        | Noticed a wandering mushroom
   903 | D        | Noticed a wandering mushroom
   905 | D        | Noticed a wandering mushroom
   906 | D        | Killed a wandering mushroom
   907 | D        | Reached skill level 5 in Dodging
   911 | D        | Killed a wandering mushroom
  1234 | D        | Reached skill level 26 in Stealth
  1341 | D        | Noticed Sigmund
  1341 | D        | Noticed Edmund
  1406 | D        | Killed Edmund
  1407 | D        | Reached XP level 10. HP: 19/51 MP: 17/17
  1420 | D        | Killed Sigmund
  1420 | D        | Reached ***** piety under Dithmenos
  1421 | D        | Reached skill level 5 in Fighting
  1421 | D        | Reached skill level 27 in Stealth
  1421 | D        | Reached skill level 10 in Invocations
  1421 | D        | Reached skill level 1 in Evocations
  1783 | D        | Reached ****** piety under Dithmenos
  1796 | D        | Reached skill level 10 in Throwing
  2415 | D        | Reached skill level 10 in Short Blades
  2415 | D        | Reached XP level 11. HP: 52/56 MP: 15/20
  2444 | D        | Noticed an orange crystal statue
  2456 | D        | Found Paymp's Jewellery Emporium.
  2456 | D        | Found Uguce's Distillery.
  2456 | D        | Found Diga Akkek's Book Shoppe.
  2456 | D        | Found Pise's Weapon Boutique.
  2456 | D        | Found Cafat's Magic Scroll Emporium.
  2456 | D        | Found Koan Xea's Jewellery Shop.
  2456 | D        | Found Plog's Magic Scroll Emporium.
  2456 | D        | Found Wetyoxiy's Antique Weapon Boutique.
  2457 | D        | Found Xockaec's Book Shoppe.
  2457 | D        | Found Qehakeah's Antique Armour Shop.
  2457 | D        | Found Ovvo's Distillery.
  2511 | D        | Noticed a crystal guardian
  2511 | D        | Noticed a crystal guardian
  2511 | D        | Noticed a crystal guardian
  2511 | D        | Noticed a crystal guardian
  2512 | D        | Killed a crystal guardian
  2515 | D        | Killed a crystal guardian
  2540 | D        | Bought a potion of resistance for 100 gold pieces
  2545 | D        | HP: 1/56 [crystal guardian (19)]
  2549 | D        | Killed from afar by a crystal guardian

Illustrated notes

Levels and vault maps discovered:
D:        dungeon_sprint_mu [sprint_mu_entry_cave, sprint_mu_temple_rooms,
          sprint_mu_d1_horrors, sprint_mu_d2_genie, sprint_mu_d3_branching,
          sprint_mu_orc_legion, sprint_mu_elf_gauntlet, sprint_mu_hive_nellie,
          sprint_mu_lair_fedhas, sprint_mu_vaults_butterflies,
          sprint_mu_slime_circle, sprint_mu_shoals_kraken,
          sprint_mu_snake_twists, sprint_mu_blade_basic,
          sprint_mu_crypt_chambers, sprint_mu_tomb_spiral,
          sprint_mu_vestibule_basic, sprint_mu_gehenna_hellfire,
          sprint_mu_dis_giant, sprint_mu_tartarus_statrot,
          sprint_mu_cocytus_islands, sprint_mu_zot1]

Skill      XL: |  1  2  3  4  5  6  7  8  9 10 11 |
---------------+----------------------------------+-----
Stealth        | 9 10 13 17 20 21 24 26 27 | 27.0
Fighting       | 2 3 4 5 6 |  6.1
Throwing       | 3 4 6 7 8 10 | 10.8
Short Blades   | 3 4 6 7 10 | 10.4
Dodging        | 2 3 4 5 8 9 |  9.4
Invocations    | 2 5 7 9 11 | 11.7
Evocations     | 2 |  2.4

Action                   |  1- 3 |  4- 6 |  7- 9 | 10-12 || total
-------------------------+-------+-------+-------+-------++-------
Melee: Dagger            |     8 |     7 |    61 |   124 ||   200
       Punch             |       |       |     1 |     1 ||     2
Throw: Dart              |     2 |     3 |    24 |     4 ||    33
Invok: Shadow Step       |       |       |     1 |     1 ||     2
Evoke: Box of beasts     |       |       |     2 |     2 ||     4
  Use: Potion            |       |       |     4 |     4 ||     8
       Scroll            |       |       |       |     2 ||     2
 Stab: Sleeping          |     4 |     4 |    12 |     6 ||    26
       Distracted        |       |       |     2 |     1 ||     3
Armor: Robe              |       |       |       |     5 ||     5
Dodge: Dodged            |     3 |     1 |    27 |   127 ||   158

Table legend: (Time is in decaauts)
 A = Elapsed time spent in this place.
 B = Non-inter-level travel time spent in this place.
 C = Inter-level travel time spent in this place.
 D = Time resting spent in this place.
 E = Time spent auto-exploring this place.
 F = Levels seen in this place.
 G = Mean time per level.
                   A        B        C        D        E       F      G
               +--------+--------+--------+--------+--------+-----+--------+
         Total |   2253 |   2253 |      0 |   1657 |     18 |   1 | 2253.0 |
       Dungeon |   2253 |   2253 |      0 |   1657 |     18 |   1 | 2253.0 |
               +--------+--------+--------+--------+--------+-----+--------+

Top non-repeatable levels by time:
       D: 2253 daAuts
